 Dungeon Crawl Stone Soup version 0.30-a0-738-g116ff8c4af (webtiles) character file.

Game seed: 4739848435403125225

502166 ryw the Axe Maniac (level 24, -17/251 HPs)
             Began as a Hill Orc Berserker on Feb 3, 2023.
             Was the Champion of Trog.
             Killed from afar by a hellephant (84 damage)
             ... with a blast of flame
             ... on level 4 of the Depths on Feb 4, 2023.
             The game lasted 02:18:38 (57094 turns).

ryw the Axe Maniac (Hill Orc Berserker)            Turns: 57094, Time: 02:18:38

Health: -17/251    AC: 45    Str: 35    XL:     24   Next: 93%
Magic:  23/23      EV: 21    Int: 13    God:    Trog [******]
Gold:   2092       SH: 21    Dex: 15    Spells: 23/23 levels left

rFire   . . .      SeeInvis +    b - +6 broad axe (vamp)
rCold   . . .      Faith    .    O - +5 kite shield {reflect}
rNeg    + + .      Spirit   .    r - +7 shadow dragon scales of Cuezeuj {Will- rCorr Int+2 SInv Stlth++++}
rPois   .          Reflect  +    J - +2 hat
rElec   .          Harm     .    H - +2 cloak {Will+}
rCorr   +          Rampage  .    F - +1 pair of gloves "Ibyinor" {Will+ Slay+4}
Will    ++++.                    B - +2 pair of slick slippers {slick, slippery, EV+5}
Stlth   ++                       P - macabre finger necklace {Finger+ rN+}
HPRegen 1.61/turn                Q - ring of the Octopus King {rN+ HP+2 AC+2 EV+2 SH+2}
MPRegen 0.18/turn                K - +10 ring of slaying
                                 V - ring of Stoicism {Int+5 Dex+6 Slay+4}

@: strong-willed, regenerating, unable to read
A: iridescent scales 1, strong 1, inability to read after injury 1
}: 3/15 runes: decaying, silver, gossamer
a: Renounce Religion, Berserk, Trog's Hand, Brothers in Arms


You were on level 4 of the Depths.
You worshipped Trog.
Trog was exalted by your worship.
You visited 8 branches of the dungeon, and saw 42 of its levels.
You also visited: Sewer.

You collected 7615 gold pieces.
You spent 5523 gold pieces at shops.

Inventory:

Hand Weapons
 a - the +8 war axe of Anxiety {spect, rN+}
   (You found it on level 6 of the Dungeon)

   rN:        It protects you from negative energy.
 b - a +6 vampiric broad axe (weapon)
 M - a +3 executioner's axe of flaming
 U - the +16 obsidian axe {drain, demonic, Mesm Drain Fly SInv}
   (You found it on level 5 of the Vaults)

   Mesm:      Its wielder is mesmerised by any visible foes, and it cannot be
   unequipped while any foes are visible.
   SInv:      It lets you see invisible.
   Fly:       It grants you flight.
   Drain:     It drains your maximum health when unequipped.
Armour
 r - the +7 shadow dragon scales of Cuezeuj (worn) {Will- rCorr Int+2 SInv Stlth++++}
   (You found it on level 4 of the Vaults)

   Int:       It affects your intelligence (+2).
   SInv:      It lets you see invisible.
   rCorr:     It protects you from acid and corrosion.
   Will:      It decreases your willpower.
   Stlth:     It makes you much more stealthy.
 B - the +2 pair of slick slippers (worn) {slick, slippery, EV+5}
   (You acquired it on level 1 of the Spider Nest)

   Slick:     Its wearer cannot be constricted, engulfed, netted or webbed.
   Slippery:  It slips away from damaging melee attacks, pulling the attacker
   onward.
   EV:        It affects your evasion (+5).
 F - the +1 pair of gloves "Ibyinor" (worn) {Will+ Slay+4}
   (You found it on level 3 of the Depths)

   Slay:      It affects your accuracy & damage with ranged weapons and melee
   (+4).
   Will:      It increases your willpower.
 H - a +2 cloak of willpower (worn)
 J - a +2 hat (worn)
 O - a +5 kite shield of reflection (worn)
Jewellery
 e - a ring of flight
 l - an amulet of the acrobat
 K - a +10 ring of slaying (right hand)
 N - the ring "Eguextok" {Dex+4 Slay+4}
   (You took it off an ogre mage on level 5 of the Vaults)

   [ring of slaying]

   Dex:       It affects your dexterity (+4).
   Slay:      It affects your accuracy & damage with ranged weapons and melee
   (+4).
 P - the macabre finger necklace (around neck) {Finger+ rN+}
   (You bought it in a shop on level 1 of the Elven Halls)

   [amulet of nothing]

   Finger+:   It enables you to equip an extra ring.
   rN:        It protects you from negative energy.
 Q - a ring of the Octopus King (left hand) {rN+ HP+2 AC+2 EV+2 SH+2}
   (You found it on level 5 of the Vaults)

   [ring of positive energy]

   AC:        It affects your AC (+2).
   EV:        It affects your evasion (+2).
   rN:        It protects you from negative energy.
   HP:        It affects your health (+2).
   SH:        It affects your SH (+2).
 S - the ring of Zaumaum {rCorr Dex+3 Slay+3 SInv}
   (You found it on level 3 of the Depths)

   [ring of see invisible]

   Dex:       It affects your dexterity (+3).
   Slay:      It affects your accuracy & damage with ranged weapons and melee
   (+3).
   SInv:      It lets you see invisible.
   rCorr:     It protects you from acid and corrosion.
 V - the ring of Stoicism (on amulet) {Int+5 Dex+6 Slay+4}
   (You found it on level 5 of the Vaults)

   [ring of dexterity]

   Int:       It affects your intelligence (+5).
   Dex:       It affects your dexterity (+6).
   Slay:      It affects your accuracy & damage with ranged weapons and melee
   (+4).
 X - a ring of see invisible
Wands
 j - a wand of paralysis (31)
 q - a wand of acid (16)
 C - a wand of iceblast (22)
 E - a wand of flame (29)
 G - a wand of mindburst (13)
 I - a wand of digging (24)
 W - a wand of polymorph (9)
Scrolls
 c - 2 scrolls of enchant armour
 f - 15 scrolls of teleportation
 g - 7 scrolls of blinking
 o - 13 scrolls of fear
 y - 5 scrolls of magic mapping
 A - a scroll of enchant weapon
 D - 5 scrolls of silence
 L - a scroll of butterflies
 Y - 8 scrolls of fog
 Z - 3 scrolls of poison
Potions
 h - 15 potions of curing
 i - 10 potions of heal wounds
 n - 9 potions of lignification
 p - a potion of resistance
 s - 4 potions of invisibility
 t - 3 potions of mutation
 u - 3 potions of ambrosia
 v - 3 potions of berserk rage
 w - 11 potions of flight
 x - 12 potions of haste
 z - 7 potions of cancellation
 R - 7 potions of might
Miscellaneous
 m - a lightning rod (4/4)


   Skills:
 O Level 27 Fighting
 O Level 27 Axes
 - Level 8.0 Throwing
 + Level 25.2 Armour
 - Level 10.0 Dodging
 - Level 16.0 Shields
 - Level 6.0 Evocations


You had 23 spell levels left.
You didn't know any spells.
Your spell library was empty.

Dungeon Overview and Level Annotations

Branches:
Dungeon (15/15)            Temple (0/1) D:7            Lair (5/5) D:9
  Swamp (4/4) Lair:3       Spider (4/4) Lair:3        Slime (0/5) Lair:5
    Orc (2/2) D:11            Elf (3/3) Orc:2        Vaults (5/5) D:14
  Crypt (0/3) Vaults:2     Depths (4/4) D:15            Zot (0/5) Depths:4
  Sewer (visited)

Altars:
Ashenzari
Elyvilon
Fedhas
Hepliaklqana
Kikubaaqudgha
Nemelex Xobeh
Okawaru
Qazlal
Trog
Xom
Yredelemnul
Zin
The Shining One
Beogh
Jiyva

Shops:
D:6 =   D:10 :=(   Orc:2 !=[!   Elf:1 !!(==:=?   Elf:2 (   Vaults:5 (:
Depths:2 (((

Portals:
Hell: Depths:1 Depths:2 Depths:3 Depths:4
Abyss: Depths:1 Depths:3
Pandemonium: Depths:2
Ziggurat: Depths:4
Trove: D:15 (give 15 scrolls of teleportation)

Annotations:
Lair:5 1 runed translucent door
Elf:1 1 runed translucent door


Innate Abilities, Weirdness & Mutations

You are partially covered in iridescent scales. (AC +2)
Your muscles are strong. (Str +4, Int/Dex -1)
You occasionally lose the ability to read scrolls when taking damage.


Message History

You slice the hellephant!!
You kill the hellephant!
Trog accepts your kill.
A hell hog comes into view.
There is an open door, spattered with blood here.
Throw: 4 javelins (silver)
Press: ? - help, Q - select action, (/) - cycle Shift-Dir - straight line, f - hellephant
Aim: a hellephant (81% to hit)
You throw a silver javelin.
The silver javelin pierces through the hellephant!!!
The hellephant is moderately wounded.
The silver javelin pierces through the hell hog!!!
The hell hog is almost dead.
Throw: 3 javelins (silver)
Press: ? - help, Q - select action, (/) - cycle Shift-Dir - straight line, f/p - hellephant
Aim: a hellephant (moderately wounded, 81% to hit)
You throw a silver javelin.
The silver javelin pierces through the hellephant!!!
The hellephant is heavily wounded.
The silver javelin pierces through the hell hog!!!
You kill the hell hog!
Trog accepts your kill. The hellephant breathes flames at you.
The blast of flame hits you!!!
* * * LOW HITPOINT WARNING * * *
Throw: 2 javelins (silver)
Press: ? - help, Q - select action, (/) - cycle Shift-Dir - straight line, f/p - hellephant
Aim: a hellephant (heavily wounded, catching its breath, 81% to hit)
You throw a silver javelin.
The silver javelin closely misses the hellephant.
Throw: javelin (silver)
Press: ? - help, Q - select action, (/) - cycle Shift-Dir - straight line, f/p - hellephant
Aim: a hellephant (heavily wounded, 81% to hit)
You throw a silver javelin.
The silver javelin pierces through the hellephant!!!
The hellephant is severely wounded.
The hellephant breathes flames at you. The blast of flame hits you!!!!
You feel threatened and lose the ability to read scrolls!
You die...

#...##.......#....#.###....###...
#....#.......#....'...#......#.##
#....#.......#.####..####...##'#.
.....#.......### #^..#..#...#....
.....##....### #####'#..##..#....
......######.###.....#...####....
#.......#......###'####.....#....
##......###.....#.....#.....#....
#.......'(†..Y..@....)###..###...
........#.##...##..).)..##'#.'..)
.##....^#..##..#..)###)##....##..
..'....##...#..#...#..........##.
..#...##....#'###..###).[......##
###..##....##...####.#)##'###+##.
..####.....'...##....#.#......###
...#....####...#..............#.+
...###'##.(....#.....##'##...##.#


You could see a hellephant (catching breath).

Vanquished Creatures
  2 dread liches (Vaults:5)
  Mara (Vaults:4)
  A juggernaut (Depths:4)
  Vv (Depths:4)
  Bai Suzhen (Swamp:3)
  3 caustic shrikes
  3 golden dragons (Vaults:5)
  A bone dragon (Depths:4)
  Arachne (Spider:3)
  2 hellephants
  Rupert (Lair:5)
  3 tentacled monstrosities
  3 walking crystal tomes
  5 titans
  3 acid blobs (Elf:1)
  5 liches
  3 deep elf blademasters
  A walking frostbound tome (Depths:3)
  2 deep elf master archers (Elf:3)
  Gastronok (D:11)
  4 sphinxes
  Kirke (D:14)
  4 thorn hunters
  Agnes (Spider:2)
  8 tengu reavers
  Donald (Spider:3)
  Roxanne (Elf:3)
  A draconian monk (Depths:4)
  4 shadow dragons (Vaults:5)
  A rockslime (Elf:1)
  5 fire giants
  3 storm dragons
  A fenstrider witch (Swamp:1)
  4 emperor scorpions (Spider:4)
  11 frost giants
  2 iron dragons
  3 deep elf sorcerers
  12 vault wardens
  6 ghost moths
  A quicksilver ooze (shapeshifter) (Elf:2)
  Louise (Elf:2)
  4 deep elf elementalists (Elf:3)
  4 broodmothers (Spider:4)
  A war gargoyle (Vaults:4)
  18 ironbound preservers
  24 very ugly things
  2 ironbound thunderhulks (Vaults:2)
  5 orc warlords
  15 stone giants
  The ghost of Hulashix the Severer, a journeyman MiBe of Trog (Elf:1)
  The ghost of mccafe the Fighter, a journeyman SpVM of Sif Muna (Spider:2)
  3 vampire knights
  Nessos (D:14)
  8 deep elf demonologists
  2 eleionomae (Swamp:3)
  5 deep elf annihilators
  A purple draconian (Depths:4)
  3 bunyips
  A red draconian (Depths:4)
  A yellow draconian (Depths:4)
  17 dire elephants
  A white draconian (Depths:4)
  5 spark wasps
  Snorg (Lair:5)
  A merfolk javelineer (Depths:2)
  13 ettins
  The ghost of indyram44 the Basher, a journeyman DsDe of Okawaru (Lair:4)
  A merfolk impaler (Depths:2)
  A crystal guardian (Vaults:4)
  Josephine (Lair:4)
  11 deep elf death magi
  2 fire dragons
  10 entropy weavers
  16 yaktaur captains
  3 deep elf high priests (Elf:3)
  4 ice dragons
  5 great orbs of eyes
  A fire dragon (shapeshifter) (Elf:1)
  A shambling mangrove (Swamp:1)
  An ice dragon (shapeshifter) (Elf:2)
  A spriggan air mage (Depths:3)
  Erolcha (Orc:1)
  A rakshasa (Depths:1)
  2 peacekeepers
  12 hydras
  20 centaur warriors
  9 ghost crabs
  4 ironbound frosthearts
  33 vault guards
  2 catoblepae
  4 ogre magi
  3 radroaches
  3 boulder beetles
  2 death knights (Vaults:2)
  16 two-headed ogres
  13 alligators
  20 dancing weapons
  6 death yaks (Lair:4)
  3 orc high priests (Orc:2)
  2 deep troll shamans (Depths:1)
  3 vampire magi
  8 tengu warriors
  Urug (D:11)
  6 deep troll earth magi
  2 spriggan berserkers
  6 hell hogs (Depths:4)
  13 deep elf knights
  5 sun demons (Depths:2)
  3 soul eaters (Depths:2)
  9 hell knights
  Amaemon (D:9)
  A death drake (shapeshifter) (D:15)
  A skeletal warrior (D:10)
  5 goliath frogs
  5 iron trolls
  2 flayed ghosts
  A shadow wraith (Vaults:2)
  4 sun moths
  5 pharaoh ants
  10 orb spiders
  3 glowing orange brains
  5 spriggan druids
  50 deep trolls
  9 swamp dragons
  11 lindwurms
  7 bog bodies
  A glowing orange brain (shapeshifter) (Vaults:5)
  3 spectral hydras (Swamp:4)
  9 steelbarb worms
  5 deep elf archers
  9 harpies
  25 deep elf pyromancers
  18 ironbound convokers
  25 deep elf zephyrmancers
  7 wizards
  39 ugly things
  15 orc knights
  3 cyclopes
  4 phantasmal warriors
  6 orc sorcerers
  5 will-o-the-wisps
  A salamander (shapeshifter) (D:11)
  2 manticores
  A glowing shapeshifter (Elf:2)
  20 wolf spiders
  2 moths of wrath
  4 oklob plants
  Maurice (D:9)
  11 demonic crawlers
  59 slime creatures
  A black mamba (shapeshifter) (Vaults:5)
  15 elephants
  A rust devil (Depths:2)
  Joseph (D:14)
  24 vault sentinels
  4 torpor snails
  9 black mambas
  2 orange demons
  2 eyes of devastation (Elf:1)
  A cane toad (shapeshifter) (Elf:2)
  A gargoyle (D:13)
  An unseen horror (shapeshifter) (Vaults:5)
  2 smoke demons (Depths:2)
  A hellion (Depths:2)
  23 cane toads
  3 rime drakes
  9 komodo dragons
  An unseen horror (D:12)
  An efreet (D:13)
  32 yaktaurs
  3 tengu conjurers
  A freezing wraith (Swamp:4)
  An ice devil (Depths:2)
  2 death drake zombies (Swamp:4)
  5 trolls
  A bloated husk (Swamp:1)
  A wind drake (shapeshifter) (Depths:2)
  3 meliai (Spider:4)
  A troll (shapeshifter) (Elf:2)
  2 hydra zombies (Swamp:4)
  A meliai (shapeshifter) (D:15)
  9 tyrant leeches
  16 hornets
  4 polar bears
  19 tarantellas
  21 blink frogs
  Grinder (D:3)
  A hydra skeleton (Swamp:4)
  2 death drake skeletons (Swamp:4)
  6 dream sheep (Lair:5)
  Sigmund (D:3)
  32 jumping spiders
  5 wraiths
  A human (Lair:2)
  A spriggan (shapeshifter) (Elf:2)
  4 water elementals
  4 air elementals
  11 culicivoras
  46 yaks
  Eustachio (D:5)
  A culicivora (shapeshifter) (Elf:2)
  8 wyverns
  2 fire bats (Depths:2)
  4 hogs (D:14)
  16 spriggans
  2 shadows
  5 basilisks
  A redback (shapeshifter) (Elf:2)
  48 redbacks
  24 vampire mosquitoes
  3 wargs
  11 swamp worms
  Menkaure (D:5)
  An acid dragon (D:11)
  12 water moccasins
  Duvessa (D:6)
  3 hydra simulacra (Swamp:4)
  A floating eye (shapeshifter) (Elf:2)
  13 swamp drakes
  5 ice beasts
  3 black bears
  25 orc warriors
  2 sky beasts (D:7)
  4 swamp dragon zombies (Swamp:4)
  14 ogres
  A swamp dragon skeleton (Swamp:4)
  10 wolves
  15 centaurs
  2 phantoms
  A kobold brigand (Sewer)
  Blork the orc (D:5)
  19 bullfrogs
  A gnoll sergeant (Orc:2)
  7 wights
  3 scorpions
  Dowan (D:6)
  4 howler monkeys
  6 electric eels
  5 jellies
  20 orc priests
  5 hounds
  Crazy Yiuf (D:2)
  2 gnoll boudas
  Ijyb (D:3)
  2 iguanas
  Natasha (thrice) (D:2)
  37 orc wizards
  A killer bee zombie (D:5)
  A hound zombie (D:5)
  9 gnolls
  2 river rats (D:4)
  4 adders
  4 shadow imps
  5 ufetubi
  An adder zombie (Sewer)
  2 worms
  2 dart slugs (D:1)
  104 orcs
  18 bats
  A bat zombie (Sewer)
  11 endoplasms
  2 giant cockroaches
  5 goblins
  7 hobgoblins
  6 jackals (D:1)
  24 kobolds
  3 quokkas
  10 ball pythons
  4 frilled lizards
  6 rats
  5 briar patches (Swamp:4)
  A bush (Lair:5)
  A plant (Lair:4)
1858 creatures vanquished.

Vanquished Creatures (collateral kills)
  A deep troll earth mage (Depths:2)
  A soul eater (Depths:2)
  A flayed ghost (Depths:2)
  A glowing orange brain (Depths:2)
  A smoke demon (Depths:2)
5 creatures vanquished.

Vanquished Creatures (others)
  An ancient lich (Vaults:5)
  2 fire giants
  A deep elf annihilator (Elf:3)
  A deep elf zephyrmancer (Elf:3)
  A deep elf pyromancer (Elf:2)
  A redback (Spider:4)
  31 foxfires
  43 fungi
  157 plants
  10 toadstools (Swamp:1)
248 creatures vanquished.

Grand Total: 2111 creatures vanquished

Notes
Turn   | Place    | Note
-------+----------+-------------------------------------------
     0 | D:1      | ryw the Hill Orc Berserker began the quest for the Orb.
     0 | D:1      | Reached XP level 1. HP: 19/19 MP: 1/1
   144 | D:1      | Reached XP level 2. HP: 27/27 MP: 2/2
   421 | D:1      | Reached XP level 3. HP: 33/33 MP: 3/3
   508 | D:1      | Reached ** piety under Trog
   864 | D:2      | Found a faded altar of an unknown god.
   951 | D:2      | Noticed Natasha
   965 | D:2      | Killed Natasha
   966 | D:2      | Reached XP level 4. HP: 36/40 MP: 4/4
  1138 | D:2      | Noticed Natasha
  1163 | D:2      | Killed Natasha
  1164 | D:2      | Reached skill level 5 in Axes
  1301 | D:2      | Found a runed translucent door.
  1302 | D:2      | Noticed Crazy Yiuf
  1311 | D:2      | Killed Crazy Yiuf
  1312 | D:2      | Reached XP level 5. HP: 47/47 MP: 2/5
  1558 | D:2      | Noticed Natasha
  1562 | D:2      | Killed Natasha
  1650 | D:3      | Noticed Ijyb
  1661 | D:3      | Killed Ijyb
  1938 | D:3      | Noticed Grinder
  1950 | D:3      | Killed Grinder
  1951 | D:3      | Reached skill level 5 in Fighting
  1951 | D:3      | Reached XP level 6. HP: 56/56 MP: 6/6
  1960 | D:3      | Found a stormy altar of Qazlal.
  1967 | D:3      | Noticed Sigmund
  1982 | D:3      | Killed Sigmund
  1983 | D:3      | Reached XP level 7. HP: 62/62 MP: 7/7
  2485 | D:4      | Found a glowing drain.
  2514 | Sewer    | Entered a sewer
  2656 | Sewer    | Found an ancient bone altar of Kikubaaqudgha.
  2671 | Sewer    | Reached skill level 5 in Armour
  2768 | Sewer    | Reached XP level 8. HP: 71/71 MP: 8/8
  2807 | Sewer    | Reached *** piety under Trog
  3591 | D:5      | Entered Level 5 of the Dungeon
  3604 | D:5      | Noticed Menkaure
  3729 | D:5      | Killed Menkaure
  4128 | D:5      | Noticed Blork the orc
  4134 | D:5      | Killed Blork the orc
  4374 | D:5      | Found a basalt altar of Yredelemnul.
  4409 | D:5      | Reached XP level 9. HP: 75/79 MP: 9/9
  4521 | D:5      | Reached skill level 5 in Dodging
  4629 | D:5      | Noticed Eustachio
  4657 | D:5      | Killed Eustachio
  5187 | D:6      | Noticed Duvessa
  5194 | D:6      | Noticed Dowan
  5412 | D:6      | Killed Duvessa
  5686 | D:6      | Found Itoixa's One-of-a-Kind Rings.
  5835 | D:6      | Identified the +8 war axe of Anxiety {spect, rN+}
  5852 | D:6      | Killed Dowan
  6111 | D:7      | Found a staircase to the Ecumenical Temple.
  6134 | D:7      | Reached XP level 10. HP: 91/91 MP: 10/10
  6170 | D:7      | Reached skill level 10 in Axes
  6465 | D:7      | Noticed a two-headed ogre
  6482 | D:7      | Killed a two-headed ogre
  6649 | D:7      | Reached **** piety under Trog
  6692 | D:7      | Found a blossoming altar of Fedhas.
  6694 | D:7      | Found a glowing silver altar of Zin.
  6694 | D:7      | Found a sparkling altar of Nemelex Xobeh.
  6695 | D:7      | Found a bloodstained altar of Trog.
  7014 | D:8      | Reached skill level 10 in Fighting
  7330 | D:8      | Found a hazy altar of Hepliaklqana.
  7338 | D:8      | Reached ***** piety under Trog
  7890 | D:8      | Reached XP level 11. HP: 96/101 MP: 11/11
  8298 | D:9      | Noticed Maurice
  8300 | D:9      | Noticed Amaemon
  8314 | D:9      | Killed Maurice
  8318 | D:9      | Killed Amaemon
  8568 | D:9      | Reached skill level 10 in Armour
  8842 | D:9      | Found a staircase to the Lair.
  9222 | D:10     | Entered Level 10 of the Dungeon
  9227 | D:10     | Received a gift from Trog
  9398 | D:10     | Found Duuceus's Book Boutique.
  9537 | D:10     | Found Epnunole's Jewellery Emporium.
  9545 | D:10     | Bought a +6 ring of strength for 504 gold pieces
  9631 | D:10     | Found Foqoog's Weapon Shoppe.
  9704 | D:10     | Found an iron altar of Okawaru.
  9704 | D:10     | Found a glowing golden altar of the Shining One.
  9767 | D:10     | Noticed a two-headed ogre
  9773 | D:10     | Killed a two-headed ogre
  9919 | D:11     | Noticed a centaur warrior
  9919 | D:11     | Noticed a cyclops
  9920 | D:11     | Noticed a skeletal warrior
  9924 | D:11     | Killed a cyclops
  9925 | D:11     | Reached XP level 12. HP: 72/112 MP: 12/12
 10144 | D:11     | Killed a centaur warrior
 10271 | D:11     | Noticed a two-headed ogre
 10286 | D:11     | Killed a two-headed ogre
 10461 | D:11     | Noticed a two-headed ogre
 10467 | D:11     | Killed a two-headed ogre
 10658 | D:11     | Noticed a two-headed ogre
 10664 | D:11     | Killed a two-headed ogre
 10675 | D:11     | Noticed Urug
 10694 | D:11     | Killed Urug
 10841 | D:11     | Noticed Gastronok
 10857 | D:11     | Killed Gastronok
 11035 | D:11     | Found a staircase to the Orcish Mines.
 11053 | D:11     | Found a roughly hewn altar of Beogh.
 11249 | Lair:1   | Entered Level 1 of the Lair of Beasts
 11531 | Lair:1   | Reached skill level 1 in Shields
 11556 | Lair:1   | Identified the ring of Diyhuen {Fire Will+}
 11607 | Lair:1   | Reached XP level 13. HP: 115/122 MP: 13/13
 12353 | Lair:1   | Found an ancient bone altar of Kikubaaqudgha.
 12721 | Lair:2   | Reached skill level 15 in Axes
 12907 | Lair:2   | Received a gift from Trog
 13418 | Lair:2   | Found a runed translucent door.
 13967 | Lair:3   | Found a hole to the Spider Nest.
 14565 | Lair:3   | Reached skill level 5 in Shields
 14587 | Lair:3   | Reached skill level 10 in Dodging
 14770 | Lair:3   | Found a staircase to the Swamp.
 14818 | Lair:3   | Reached XP level 14. HP: 131/133 MP: 14/14
 15382 | Lair:4   | Noticed Josephine
 15393 | Lair:4   | Killed Josephine
 15440 | Lair:4   | Found a runed translucent gate.
 15465 | Lair:4   | Received a gift from Trog
 15568 | Lair:4   | Found a runed translucent gate.
 15569 | Lair:4   | Found a runed translucent gate.
 15569 | Lair:4   | Noticed indyram44's ghost (journeyman DsDe)
 16401 | Lair:5   | Entered Level 5 of the Lair of Beasts
 16416 | Lair:5   | Reached skill level 15 in Fighting
 16747 | Lair:5   | Paralysed by a hornet for 3 turns
 16843 | Lair:5   | Reached ****** piety under Trog
 16843 | Lair:5   | Received a gift from Trog
 16865 | Lair:5   | Noticed Rupert
 16875 | Lair:5   | Reached skill level 1 in Evocations
 16878 | Lair:5   | Killed Rupert
 17144 | Lair:5   | Reached XP level 15. HP: 98/141 MP: 15/15
 17422 | Lair:5   | Noticed Snorg
 17439 | Lair:5   | Killed Snorg
 17906 | Lair:5   | Received a gift from Trog
 17989 | Lair:5   | Found a runed translucent door.
 17991 | Lair:5   | Found a staircase to the Slime Pits.
 17992 | Lair:5   | Noticed an azure jelly
 18053 | Lair:5   | Found a white marble altar of Elyvilon.
 18740 | Lair:4   | Killed indyram44's ghost
 18894 | Orc:1    | Entered Level 1 of the Orcish Mines
 19182 | Orc:1    | Noticed Erolcha
 19196 | Orc:1    | Killed Erolcha
 19387 | Orc:1    | Received a gift from Trog
 19448 | Orc:2    | Entered Level 2 of the Orcish Mines
 19782 | Orc:2    | Found Gixzoihu's Distillery.
 20495 | Orc:2    | Found a staircase to the Elven Halls.
 20847 | Orc:2    | Reached skill level 15 in Armour
 21017 | Orc:2    | Found Esosek's Jewellery Shoppe.
 21018 | Orc:2    | Found Zek Dauj's Distillery.
 21018 | Orc:2    | Found Tawk's Antique Armour Shop.
 21028 | Orc:2    | Bought a brightly glowing plate armour for 812 gold pieces
 21028 | Orc:2    | Identified the +8 plate armour of Contumacious Happiness
                  | {Contam rElec rF+} (You bought it in a shop on level 2 of
                  | the Orcish Mines)
 21048 | Orc:2    | Bought a potion of haste for 110 gold pieces
 21528 | D:12     | Received a gift from Trog
 22593 | D:14     | Noticed Nessos
 22626 | D:14     | Killed Nessos
 22627 | D:14     | Reached skill level 1 in Throwing
 22862 | D:14     | Reached skill level 10 in Shields
 22921 | D:14     | Found a gate to the Vaults.
 22933 | D:14     | Reached XP level 16. HP: 128/152 MP: 16/16
 23192 | D:14     | Noticed Joseph
 23200 | D:14     | Killed Joseph
 23240 | D:14     | Identified the +1 pair of boots "Bohoafed" {+Blink rN+++
                  | rCorr Str-4}
 23240 | D:14     | Noticed Kirke
 23715 | D:14     | Killed Kirke
 23924 | D:15     | Entered Level 15 of the Dungeon
 24285 | D:15     | Found a staircase to the Depths.
 24551 | D:15     | Found a portal to a secret trove of treasure.
 25329 | Swamp:1  | Entered Level 1 of the Swamp
 25329 | Swamp:1  | Found the +8 lance "Wyrmbane" {slay drac, rPois rF+ rC+
                  | AC+3}
 25772 | Swamp:1  | Received a gift from Trog
 25956 | Swamp:1  | Noticed a thorn hunter
 26297 | Swamp:1  | Killed a thorn hunter
 27425 | Swamp:2  | Noticed a fenstrider witch
 27452 | Swamp:1  | Killed a fenstrider witch
 27453 | Swamp:1  | Reached XP level 17. HP: 104/163 MP: 17/17
 27835 | Swamp:2  | Reached skill level 5 in Throwing
 27999 | Swamp:2  | Found a frozen archway.
 28287 | Swamp:2  | Identified the +3 flail "Dulodd" {flame, Fly rPois rC-
                  | rCorr MP+9}
 28771 | Swamp:3  | Noticed Bai Suzhen
 28782 | Swamp:2  | Reached skill level 5 in Evocations
 28929 | Swamp:3  | Killed Bai Suzhen
 29395 | Swamp:4  | Entered Level 4 of the Swamp
 30482 | Swamp:3  | Received a gift from Trog
 31521 | Swamp:4  | Identified a scroll of acquirement
 31538 | Swamp:4  | Found a basalt altar of Yredelemnul.
 31559 | Swamp:4  | Got a decaying rune of Zot
 31674 | Swamp:4  | Found a blossoming altar of Fedhas.
 31683 | Swamp:4  | Reached XP level 18. HP: 162/173 MP: 18/18
 32177 | Spider:1 | Entered Level 1 of the Spider Nest
 32206 | Spider:1 | Identified the +12 short sword of the Final Decision
                  | {venom, Contam rC+ Stlth+}
 32623 | Spider:1 | Acquired the +2 pair of slick slippers {slick, slippery,
                  | EV+5}
 32623 | Spider:1 | Found the +2 pair of slick slippers {slick, slippery, EV+5}
 32908 | Spider:2 | Noticed Agnes
 32916 | Spider:2 | Killed Agnes
 33087 | Spider:2 | Received a gift from Trog
 33243 | Spider:2 | Found a runed translucent door.
 33243 | Spider:2 | Noticed mccafe's ghost (journeyman SpVM)
 33272 | Spider:2 | Killed mccafe's ghost
 34016 | Spider:3 | Noticed Donald
 34026 | Spider:3 | Killed Donald
 34361 | Spider:3 | Noticed Arachne
 34373 | Spider:3 | Killed Arachne
 35098 | Spider:3 | Identified the +0 robe of the Pink Corner {rC++ Will-}
 35333 | Spider:4 | Entered Level 4 of the Spider Nest
 35917 | Spider:4 | Received a gift from Trog
 36270 | Spider:4 | Reached XP level 19. HP: 155/184 MP: 2/19
 36428 | Spider:4 | Got a gossamer rune of Zot
 36964 | Spider:4 | Identified the +8 triple sword "Pofunili" {flame, rF+}
                  | (Trog gifted it to you on level 4 of the Spider Nest)
 36964 | Spider:4 | Received a gift from Trog
 37648 | Spider:4 | Acquired 1057 gold pieces
 38024 | Elf:1    | Entered Level 1 of the Elven Halls
 38024 | Elf:1    | Found a runed translucent gate.
 38024 | Elf:1    | Found a runed translucent gate.
 38024 | Elf:1    | Found a runed translucent gate.
 38024 | Elf:1    | Found a runed translucent gate.
 38024 | Elf:1    | Found a runed translucent gate.
 38024 | Elf:1    | Found a runed translucent gate.
 38031 | Elf:1    | Found a runed translucent door.
 38037 | Elf:1    | Found Leico's Jewellery Boutique.
 38045 | Elf:1    | Found a runed translucent door.
 38348 | Elf:1    | Found Tejymong's Magic Scroll Emporium.
 38395 | Elf:1    | Found Byenkade's Weapon Shoppe.
 38667 | Elf:1    | Found Judui's Distillery.
 38699 | Elf:1    | Paralysed by an air elemental for 1 turns
 38718 | Elf:1    | Found Momyuk's Book Shoppe.
 38719 | Elf:1    | Found Ninufuh's Jewellery Boutique.
 38719 | Elf:1    | Found Inops's Jewellery Boutique.
 38799 | Elf:1    | Found Ludaf's Distillery.
 38996 | Elf:1    | Found a runed translucent gate.
 38996 | Elf:1    | Found a runed translucent gate.
 38996 | Elf:1    | Found a runed translucent gate.
 38997 | Elf:1    | Noticed Hulashix's ghost (journeyman MiBe)
 39005 | Elf:1    | Found a viscous altar of Jiyva.
 39114 | Elf:1    | Killed Hulashix's ghost
 39133 | Elf:1    | Received a gift from Trog
 39142 | Elf:1    | Paralysed by an air elemental for 1 turns
 39502 | Elf:2    | Found a huge runed gate.
 39502 | Elf:2    | Found a huge runed gate.
 39502 | Elf:2    | Found a huge runed gate.
 39503 | Elf:2    | Found a huge runed gate.
 39503 | Elf:2    | Found a huge runed gate.
 39503 | Elf:2    | Found a huge runed gate.
 39503 | Elf:2    | Found a huge runed gate.
 39504 | Elf:2    | Found a huge runed gate.
 39505 | Elf:2    | Found a huge runed gate.
 39510 | Elf:2    | Found a huge runed gate.
 39510 | Elf:2    | Found a huge runed gate.
 39510 | Elf:2    | Found a huge runed gate.
 39510 | Elf:2    | Found a huge runed gate.
 39814 | Elf:2    | Noticed Louise
 39841 | Elf:2    | Killed Louise
 40197 | Elf:2    | Received a gift from Trog
 40335 | Elf:2    | Acquired 613 gold pieces
 40369 | Elf:2    | Found Dyofam's Antique Weapon Shoppe.
 40552 | Elf:2    | Found a runed translucent gate.
 40553 | Elf:2    | Found a runed translucent gate.
 40553 | Elf:2    | Found a runed translucent gate.
 40621 | Elf:2    | Found a huge runed gate.
 40621 | Elf:2    | Found a huge runed gate.
 40621 | Elf:2    | Found a huge runed gate.
 40621 | Elf:2    | Found a huge runed gate.
 40621 | Elf:2    | Found a huge runed gate.
 40621 | Elf:2    | Found a huge runed gate.
 40621 | Elf:2    | Found a huge runed gate.
 40622 | Elf:2    | Found a huge runed gate.
 40773 | Elf:2    | Reached XP level 20. HP: 160/198 MP: 20/20
 41327 | Elf:2    | Found a huge runed gate.
 41329 | Elf:2    | Found a huge runed gate.
 41354 | Elf:2    | Found a huge runed gate.
 41354 | Elf:2    | Found a huge runed gate.
 41354 | Elf:2    | Found a huge runed gate.
 41354 | Elf:2    | Found a huge runed gate.
 41354 | Elf:2    | Found a huge runed gate.
 41354 | Elf:2    | Found a huge runed gate.
 41355 | Elf:2    | Found a huge runed gate.
 41356 | Elf:2    | Found a huge runed gate.
 41357 | Elf:2    | Found a huge runed gate.
 41400 | Elf:2    | Found a huge runed gate.
 41401 | Elf:2    | Found a huge runed gate.
 41402 | Elf:2    | Found a huge runed gate.
 41403 | Elf:2    | Found a huge runed gate.
 41417 | Elf:2    | Noticed a hellephant
 41421 | Elf:2    | Paralysed by a floating eye for 4 turns
 41431 | Elf:2    | Paralysed by a floating eye for 2 turns
 41567 | Elf:2    | Identified the +4 battleaxe "Roremugi" {antimagic, rN+
                  | SInv} (Trog gifted it to you on level 2 of the Elven Halls)
 41567 | Elf:2    | Received a gift from Trog
 41900 | Elf:2    | Killed a hellephant
 42301 | Elf:3    | Entered Level 3 of the Elven Halls
 42838 | Elf:3    | Paralysed by an air elemental for 1 turns
 43002 | Elf:3    | Noticed a Brimstone Fiend
 43004 | Elf:3    | Identified the +10 trident of the Gazing Visionary {flame,
                  | Dex+2}
 43446 | Elf:3    | Identified the +5 lajatang of Sari {venom, Str-5 Int+5}
 43769 | D:6      | Bought a +10 ring of slaying for 3497 gold pieces
 44212 | Elf:3    | Identified the +8 great sword of Instant Death {drain,
                  | Will+ Int+4}
 44379 | Elf:3    | Found the +5 glaive of the Guard {elec, spectral, AC+5}
 44459 | Elf:3    | Identified the +0 broad axe of the Jumping Queen {heavy,
                  | rCorr SInv}
 44707 | Elf:3    | Noticed Roxanne
 44725 | Elf:3    | Killed Roxanne
 45127 | Vaults:1 | Entered Level 1 of the Vaults
 45149 | Vaults:1 | Received a gift from Trog
 45546 | Vaults:1 | Reached XP level 21. HP: 209/209 MP: 21/21
 45615 | Vaults:1 | Received a gift from Trog
 46960 | Vaults:2 | Received a gift from Trog
 47022 | Vaults:2 | Found a staircase to the Crypt.
 47155 | Vaults:2 | Identified the ring of Seett {Fire rElec Slay+3}
 47620 | Vaults:2 | Gained mutation: Your skin changes colour to match your
                  | surroundings (Stealth+). [potion of mutation]
 47620 | Vaults:2 | Gained mutation: You are occasionally teleported next to
                  | monsters. [potion of mutation]
 47620 | Vaults:2 | Gained mutation: You expend magic power (3 MP) to
                  | strengthen your wands. [potion of mutation]
 47621 | Vaults:2 | Lost mutation: Your skin changes colour to match your
                  | surroundings (Stealth+). [potion of mutation]
 47621 | Vaults:2 | Lost mutation: You are occasionally teleported next to
                  | monsters. [potion of mutation]
 47621 | Vaults:2 | Lost mutation: You expend magic power (3 MP) to strengthen
                  | your wands. [potion of mutation]
 47621 | Vaults:2 | Gained mutation: You passively map a small area around you.
                  | [potion of mutation]
 47621 | Vaults:2 | Gained mutation: You have sharp fingernails. [potion of
                  | mutation]
 47622 | Vaults:2 | Lost mutation: You have sharp fingernails. [potion of
                  | mutation]
 47622 | Vaults:2 | Lost mutation: You passively map a small area around you.
                  | [potion of mutation]
 47622 | Vaults:2 | Gained mutation: You occasionally shout uncontrollably at
                  | your foes. [potion of mutation]
 47622 | Vaults:2 | Gained mutation: You have sharp fingernails. [potion of
                  | mutation]
 47623 | Vaults:2 | Lost mutation: You occasionally shout uncontrollably at
                  | your foes. [potion of mutation]
 47623 | Vaults:2 | Lost mutation: You have sharp fingernails. [potion of
                  | mutation]
 47623 | Vaults:2 | Gained mutation: Your flesh is cold resistant. (rC+)
                  | [potion of mutation]
 47623 | Vaults:2 | Gained mutation: You are frail. (-10% HP) [potion of
                  | mutation]
 47623 | Vaults:2 | Gained mutation: Armour fits poorly on your strangely
                  | shaped body. [potion of mutation]
 47623 | Vaults:2 | Gained mutation: You are somewhat resistant to further
                  | mutation. [potion of mutation]
 47624 | Vaults:2 | Lost mutation: Armour fits poorly on your strangely shaped
                  | body. [potion of mutation]
 47624 | Vaults:2 | Lost mutation: Your flesh is cold resistant. (rC+) [potion
                  | of mutation]
 47625 | Vaults:2 | Lost mutation: You are frail. (-10% HP) [potion of
                  | mutation]
 47625 | Vaults:2 | Lost mutation: You are somewhat resistant to further
                  | mutation. [potion of mutation]
 47625 | Vaults:2 | Gained mutation: You sometimes lose your temper in combat.
                  | [potion of mutation]
 47625 | Vaults:2 | Gained mutation: Your magical capacity is low. (-10% MP)
                  | [potion of mutation]
 47625 | Vaults:2 | Gained mutation: You are somewhat resistant to further
                  | mutation. [potion of mutation]
 47800 | Vaults:3 | Received a gift from Trog
 47882 | Vaults:3 | Reached XP level 22. HP: 221/221 MP: 19/19
 47944 | Vaults:3 | Lost mutation: You sometimes lose your temper in combat.
                  | [potion of mutation]
 47944 | Vaults:3 | Lost mutation: Your magical capacity is low. (-10% MP)
                  | [potion of mutation]
 47944 | Vaults:3 | Lost mutation: You are somewhat resistant to further
                  | mutation. [potion of mutation]
 47944 | Vaults:3 | Gained mutation: You are partially covered in iridescent
                  | scales. (AC +2) [potion of mutation]
 47944 | Vaults:3 | Gained mutation: You occasionally lose the ability to read
                  | scrolls when taking damage. [potion of mutation]
 47944 | Vaults:3 | Gained mutation: Your muscles are strong. (Str +4, Int/Dex
                  | -1) [potion of mutation]
 47989 | Vaults:3 | Identified the +2 chain mail of Hedging {Fly rF- Dex+3
                  | SInv}
 48015 | Vaults:3 | Received a gift from Trog
 48165 | Vaults:3 | Identified the +9 short sword "Ytuafug" {flame, rElec}
 49030 | Vaults:4 | Paralysed by a great orb of eyes for 4 turns
 49162 | Vaults:4 | Identified the +7 shadow dragon scales of Cuezeuj {Will-
                  | rCorr Int+2 SInv Stlth++++}
 49209 | Vaults:4 | Received a gift from Trog
 49325 | Vaults:4 | Noticed Mara
 49347 | Vaults:4 | Noticed ryw's illusion
 49389 | Vaults:4 | Noticed ryw's illusion
 49391 | Vaults:4 | Killed Mara
 49659 | Vaults:4 | Identified the +0 ring mail "Waamid" {rElec rF+}
 49739 | Vaults:5 | Entered Level 5 of the Vaults
 49758 | Vaults:5 | Noticed an ancient lich
 49780 | Vaults:5 | Reached XP level 23. HP: 227/232 MP: 23/23
 49782 | Vaults:5 | Killed an ancient lich
 49854 | Vaults:5 | Received a gift from Trog
 49945 | Vaults:5 | Got a silver rune of Zot
 49963 | Vaults:5 | Noticed a golden dragon
 49998 | Vaults:5 | Found the ring of the Octopus King
 50024 | Vaults:5 | Identified a ring of the Octopus King {rN+ HP+2 AC+2 EV+2
                  | SH+2}
 50035 | Vaults:5 | Killed a golden dragon
 50071 | Vaults:5 | Noticed a dread lich
 50083 | Vaults:5 | Killed a dread lich
 50128 | Vaults:5 | Noticed a dread lich
 50130 | Vaults:5 | Identified the +2 long sword "Amitzaod" {spect, Drain rElec
                  | rPois rCorr}
 50130 | Vaults:5 | Identified the ring "Eguextok" {Dex+4 Slay+4}
 50140 | Vaults:5 | Paralysed by a dread lich for 3 turns
 50144 | Vaults:5 | Killed a dread lich
 50145 | Vaults:5 | Reached skill level 27 in Axes
 50149 | Vaults:5 | Found the amulet of the Air {Inacc Air Fly rElec RMsl}
 50547 | Elf:1    | Bought the macabre finger necklace {Finger+ rN+} for 600
                  | gold pieces
 50547 | Elf:1    | Found the macabre finger necklace {Finger+ rN+}
 50977 | Vaults:5 | Received a gift from Trog
 51170 | Vaults:5 | Found the ring of the Mage {Wiz Archmagi}
 51382 | Vaults:5 | Noticed a golden dragon
 51396 | Vaults:5 | Killed a golden dragon
 51548 | Vaults:5 | Found Uromyer's Antique Weapon Shoppe.
 51551 | Vaults:5 | Found Xast's Book Shop.
 51648 | Vaults:5 | Noticed a golden dragon
 51666 | Vaults:5 | Killed a golden dragon
 51753 | Vaults:5 | Found the +16 obsidian axe {drain, demonic, Mesm Drain Fly
                  | SInv}
 51758 | Vaults:5 | Identified the +1 chain mail "Pookol" {Rampage rPois Will+}
 51765 | Vaults:5 | Identified the ring of Stoicism {Int+5 Dex+6 Slay+4}
 52031 | Depths:1 | Entered Level 1 of the Depths
 52238 | Depths:1 | Reached skill level 15 in Shields
 52255 | Depths:1 | Received a gift from Trog
 52330 | Depths:1 | Found a gateway to Hell.
 52332 | Depths:1 | Found a one-way gate to the infinite horrors of the Abyss.
 52334 | Depths:1 | Found a shimmering altar of Xom.
 52815 | Depths:2 | Reached XP level 24. HP: 234/244 MP: 23/23
 53136 | Depths:2 | Found Lutojief's Weapon Boutique.
 53303 | Depths:2 | Found Kokepsit's Antique Weapon Emporium.
 53420 | Depths:2 | Noticed a caustic shrike
 53425 | Depths:2 | Killed a caustic shrike
 53470 | Depths:2 | Received a gift from Trog
 53489 | Depths:2 | Identified the ring "Hooju" {rElec rPois rCorr Int+6 SInv}
 53634 | Depths:2 | Found a one-way gate leading to the halls of Pandemonium.
 53909 | Depths:2 | Found Utaostut's Antique Weapon Boutique.
 54092 | Depths:3 | Noticed a caustic shrike
 54100 | Depths:3 | Killed a caustic shrike
 54172 | Depths:3 | Identified the ring of Zaumaum {rCorr Dex+3 Slay+3 SInv}
 54637 | Depths:3 | Found a broken altar of Ashenzari.
 54700 | Depths:3 | Found a bloodstained altar of Trog.
 54809 | Depths:3 | Identified the +1 pair of gloves "Ibyinor" {Will+ Slay+4}
 55067 | Depths:3 | Noticed a caustic shrike
 55082 | Depths:3 | Killed a caustic shrike
 55164 | Depths:4 | Entered Level 4 of the Depths
 55428 | Depths:4 | Reached skill level 27 in Fighting
 55463 | Depths:4 | Received a gift from Trog
 55476 | Depths:4 | Noticed a juggernaut
 55522 | Depths:4 | Killed a juggernaut
 55630 | Depths:4 | Found a gate to the Realm of Zot.
 55678 | Depths:4 | Found a one-way gateway to a ziggurat.
 55718 | Depths:4 | Noticed Vv
 55738 | Depths:4 | Killed Vv
 56318 | Depths:4 | Found a glowing silver altar of Zin.
 57094 | Depths:4 | Killed from afar by a hellephant

Illustrated notes

Levels and vault maps discovered:
D:1:      nagdon_arrival_zigzag_paths, layout_rooms, hangedman_decor_riveting,
          minmay_misc_feat_hallway
D:2:      layout_loops_ring, shapermc_ecumenical_altar_starsandcircs,
          uniq_natasha, uniq_crazy_yiuf_cottage
D:3:      kennysheep_big_flooded_room, layout_basic,
          nicolae_qazlal_general_emergency, uniq_sigmund, uniq_grinder,
          uniq_ijyb
D:4:      layout_loops_ring, cheibrodos_sewer_entry_sluice
D:5:      layout_gridville, lemuel_zombie_altar_yredelemnul,
          dk_rats_in_the_wall, uniq_blork_the_orc, uniq_eustachio, uniq_menkaure
D:6:      layout_basic, nicolae_shop_unique_rings, uniq_duvessa
D:7:      nzn_winding_woodlands_small [nzn_winding_woodlands_5x15_pockets,
          nzn_winding_woodlands_center_garden,
          nzn_winding_woodlands_5x15_pathside_ponds], layout_loops_cross,
          chequers_temple_overflow_statue_of_worship, temple_doors_e
D:8:      layout_basic, mainiacjoe_overflow_paths
D:9:      layout_basic, dpeg_oklobed_lair, uniq_maurice, uniq_amaemon
D:10:     layout_roguey, grunt_temple_overflow_open, serial_shops,
          nicolae_shop_hallway_plus, nicolae_inconvenience_store,
          nicolae_shop_stone
D:11:     minmay_diamond_stairs, layout_cave_pools,
          minmay_orc_entry_temple_small, uniq_gastronok, uniq_urug
D:12:     wad_lake_hut, layout_irregular_city, roderic_roman_lattice
D:13:     layout_roguey
D:14:     layout_long_grid, lightli_vaults_fourway_checkpoint,
          infiniplex_staircase_squiggle, minmay_sticks_and_stones, uniq_nessos,
          uniq_kirke
D:15:     gammafunk_enter_depths_forms, layout_irregular_city, grunt_decor_cap,
          nicolae_trove_entry_crossroad, st_stairs_6, lemuel_old_faithful
Lair:1:   kb_forest_paths, layout_regular_city, basic_altar, roderic_batcave
Lair:2:   gammafunk_indiana_jones, layout_chaotic_city,
          pdpol_lair_cabin_in_the_woods
Lair:3:   wad_woods_structure_01, layout_chaotic_city,
          skrybe_swamp_entry_bodies, nicolae_spider_entry_tight_spaces
Lair:4:   layout_regular_city, gammafunk_ghost_hydra_chop,
          chequers_serial_rivers_micro_e, chequers_serial_rivers_micro_a,
          uniq_josephine
Lair:5:   minmay_lair_end_frog_pond, layout_loops_ring, slime_entry_2,
          basic_altar, dreamdust_wasp_nest, uniq_snorg, uniq_rupert
Swamp:1:  cheibrodos_swamp_tower_of_moss, layout_basic_swamp,
          hangedman_swamp_lotus, swamp_pool5, infiniplex_staircase_pool_2
Swamp:2:  layout_falls_marsh, portal_ice_cave_entry_pillars_2,
          evilmike_swamp_ruin_house_4
Swamp:3:  layout_falls_marsh, evilmike_swamp_ruin_house_1, swamp_pool5,
          uniq_bai_suzhen
Swamp:4:  byrel_swamp_growth_death_and_undeath, layout_basic_swamp
Spider:1: layout_spider_delve, drop_trap
Spider:2: layout_spider_delve, gammafunk_ghost_grave, uniq_agnes
Spider:3: layout_chambers, hellmonk_motheaten_closet, uniq_arachne, uniq_donald
Spider:4: guppyfry_spider_rune, drop_trap, hangedman_spider_tarantella_strand
Orc:1:    layout_caves, mines4_lemuel, uniq_erolcha
Orc:2:    st_orc_elflike, layout_caves, special_room, lightli_orcish_oven
Elf:1:    nicolae_elf_arrival_dilemma, layout_geoelf_diagonals,
          gammafunk_ghost_ooze, serial_shops, shop, nicolae_shop_stone,
          nicolae_shop_waterfront, shop, shop, minmay_elf_demonology,
          minmay_shop_grove
Elf:2:    nicolae_elf_blades_crystal_corner, layout_loops_corners, serial_shops,
          shop, not_door_vault_due, uniq_louise
Elf:3:    grunt_elf_hall_diamonds, layout_loops_corners,
          hangedman_elf_power_crystal, uniq_roxanne
Vaults:1: hangedman_vaults_restitches, nicolae_vaults_shelves_hall,
          ontoclasm_vaults_ligature, hangedman_vaults_pinch,
          ontoclasm_vaults_loading_screen, nicolae_vaults_three_branches,
          vaults_room_fours, ontoclasm_vaults_chip, nicolae_vaults_gold_heap,
          nicolae_vaults_shelves_hall, layout_vaults_quadrants
Vaults:2: v_alt_pattern_6, blue_anna_dwarven_crypt, hangedman_vaults_stitches,
          nicolae_vaults_octagons, vaults_room_grunt_arrival_ludios,
          vaults_mumra_chevron_long, nicolae_vaults_specimen_jars,
          hangedman_vaults_capsules, hangedman_vaults_nails,
          ontoclasm_vaults_chip, layout_vaults_big_cross
Vaults:3: vaults_mumra_minichess_inversion, nicolae_vaults_network_barrier,
          vaults_mumra_hexcomb, hangedman_vaults_slice, nicolae_vaults_theta,
          st_check, vaults_room_pools, grunt_vaults_hallway_short,
          vaults_dpeg_emergency_exit, vaults_mumra_minichess,
          hangedman_vaults_trim, layout_vaults_maze_snakey
Vaults:4: nicolae_vaults_yaktaur_gun_rack, hangedman_vaults_cutoff,
          grunt_vaults_trifunnel, nicolae_vaults_what_the_h,
          nicolae_vaults_fighting_squares, vaults_dpeg_doors, vaults_room_pools,
          v_misc_9, nicolae_vaults_mini_display_case, layout_vaults_ring,
          uniq_mara
Vaults:5
Depths:1: layout_cave_shapes, roderic_serpentine_path, hell_entry, abyss_entry,
          minmay_tree_intersection, brannock_xom_greatest_gift,
          grunt_megastairs_3, serial_bayou_shore_b
Depths:2: minmay_mutant_horseshoe, layout_long_grid, hellmouth_3,
          chequers_serial_rivers_small_3, serial_shops, nicolae_shop_crystal,
          kennysheep_mini_moat, nicolae_shop_advertising_works
          [nicolae_subvault_shop_adworks], rand_demon_pan_entry_4,
          kennysheep_small_spiral, serial_bayou_shore_a
Depths:3: minmay_chopped_fan, layout_gridlike, hell_entry, bloody_trog,
          abyss_entry, cheibrodos_ashenzari_chains
Depths:4: evilmike_zot_entry_basic, layout_honeycomb, enter_ziggurat_f,
          grunt_hell_horde, hangedman_glass_teeth, zin_angel,
          serial_bayou_shore_b, uniq_vv

Skill      XL: |  1  2  3  4  5  6  7  8  9 10 11 12 13 14 15 16 17 18 19 20 21 22 23 24 |
---------------+-------------------------------------------------------------------------+-----
Fighting       | 4 5 6 7 9 10 11 13 14 15 16 17 18 19 21 22 23 24 25 27 | 27.0
Dodging        | 2 3 4 6 7 8 9 10 | 10.0
Armour         | 3 4 5 6 7 9 10 12 13 14 15 16 17 18 19 20 21 22 23 25 | 25.2
Axes           | 5 6 7 8 9 11 13 14 15 16 18 19 20 21 22 24 25 26 27 | 27.0
Shields        | 1 5 8 10 11 12 13 15 16 | 16.0
Evocations     | 2 3 6 |  6.0
Throwing       | 1 4 6 8 |  8.0

Action                     |  1- 3 |  4- 6 |  7- 9 | 10-12 | 13-15 | 16-18 | 19-21 | 22-24 || total
---------------------------+-------+-------+-------+-------+-------+-------+-------+-------++-------
  Melee: Hand axe          |   134 |    37 |       |       |       |       |       |       ||   171
         Punch             |     1 |       |     4 |     4 |       |       |       |       ||     9
         Mace              |       |    59 |   110 |       |       |       |       |       ||   169
         War axe           |       |       |   243 |   290 |   735 |  1005 |   549 |       ||  2822
         Unarmed           |       |       |       |       |       |     9 |       |       ||     9
         Broad axe         |       |       |       |       |       |       |   636 |  1089 ||  1725
  Throw: Javelin           |       |       |       |       |     5 |    10 |       |     4 ||    19
 Invoke: Berserk           |     2 |     4 |     7 |     3 |     1 |     1 |       |     1 ||    19
         Trog's Hand       |       |     2 |     9 |     7 |     3 |     4 |     4 |     3 ||    32
         Brothers in Arms  |       |       |       |       |       |       |     1 |       ||     1
  Evoke: Wand              |       |       |       |     9 |    22 |       |       |       ||    31
    Use: Scroll            |     3 |     8 |     9 |     7 |    11 |    12 |     9 |     2 ||    61
         Potion            |       |       |     4 |       |     6 |     5 |    10 |     3 ||    28
   Stab: Sleeping          |       |       |     1 |     2 |       |       |       |     6 ||     9
         Distracted        |       |       |       |     4 |    12 |    16 |    11 |     2 ||    45
 Armour: Animal skin       |    23 |       |       |       |       |       |       |       ||    23
         Ring mail         |    35 |    30 |       |       |       |       |       |       ||    65
         Leather armour    |       |     9 |   258 |    88 |   259 |       |       |       ||   614
         Skin              |       |       |     7 |       |       |       |       |       ||     7
         Plate armour      |       |       |       |       |    75 |   770 |   481 |   125 ||  1451
         Shadow dragon sca |       |       |       |       |       |       |       |   373 ||   373
  Dodge: Dodged            |   107 |    49 |   343 |   168 |   315 |   441 |   404 |   504 ||  2331
  Block: Buckler           |       |       |       |     2 |   156 |   436 |       |       ||   594
         Reflection        |       |       |       |       |       |    25 |    86 |    28 ||   139
         Other             |       |       |       |       |       |     2 |       |       ||     2
         Kite shield       |       |       |       |       |       |   174 |   851 |   819 ||  1844

Table legend: (Time is in decaauts)
 A = Elapsed time spent in this place.
 B = Non-inter-level travel time spent in this place.
 C = Inter-level travel time spent in this place.
 D = Time resting spent in this place.
 E = Time spent auto-exploring this place.
 F = Levels seen in this place.
 G = Mean time per level.
                   A        B        C        D        E       F      G
               +--------+--------+--------+--------+--------+-----+--------+
         Total |  56924 |  52795 |   4129 |  10566 |  31488 |  43 | 1323.8 |
       Dungeon |  15886 |  14420 |   1466 |   1978 |   9746 |  15 | 1059.1 |
          Lair |   8632 |   8184 |    448 |   2095 |   4724 |   5 | 1726.4 |
         Swamp |   5981 |   5793 |    188 |   2764 |   2020 |   4 | 1495.2 |
   Spider Nest |   5586 |   5444 |    142 |    627 |   3756 |   4 | 1396.5 |
  Orcish Mines |   2353 |   2139 |    214 |    287 |   1393 |   2 | 1176.5 |
   Elven Halls |   6773 |   5878 |    895 |   1896 |   2614 |   3 | 2257.7 |
        Vaults |   6259 |   5590 |    669 |     14 |   3927 |   5 | 1251.8 |
        Depths |   5020 |   4917 |    103 |    846 |   3156 |   4 | 1255.0 |
         Sewer |    431 |    431 |      0 |     57 |    149 |   1 |  431.0 |
               +--------+--------+--------+--------+--------+-----+--------+

Top non-repeatable levels by time:
   Elf:2: 3282 daAuts
 Swamp:3: 2498 daAuts
  Lair:3: 2445 daAuts
   Elf:1: 2084 daAuts
Spider:4: 2078 daAuts
Spider:3: 1951 daAuts
Depths:4: 1897 daAuts
  Lair:5: 1809 daAuts
  Lair:4: 1618 daAuts
     D:5: 1541 daAuts
     D:8: 1504 daAuts
Vaults:5: 1445 daAuts
  Lair:1: 1425 daAuts
   Elf:3: 1406 daAuts
   Orc:2: 1389 daAuts
